 Dungeon Crawl Stone Soup version 0.19.0 (webtiles) character file.

814 Franakus the Conjurer (level 7, -1/42 HPs)
             Began as an Octopode Conjurer on Nov 1, 2016.
             Was an Initiate of Vehumet.
             Shot with an arrow by a centaur (8 damage)
             ... on level 6 of the Dungeon on Nov 2, 2016.
             The game lasted 00:57:28 (4746 turns).

Franakus the Conjurer (Octopode Conjurer)           Turns: 4746, Time: 00:57:28

Health: -1/42      AC:  2    Str:  7    XL:     7   Next: 93%
Magic:  21/21      EV: 16    Int: 19    God:    Vehumet [......]
Gold:   178        SH:  0    Dex: 11    Spells: 4 memorised, 1 level left

rFire  . . .     SeeInvis .     d - +0 dagger
rCold  . . .     Gourm    .     (no shield)
rNeg   . . .     Faith    .     h - +1 hat
rPois  .         Spirit   .     w - amulet of rage
rElec  .         Reflect  .     l - ring of magical power
rCorr  .         Harm     .     (no ring)
MR     .....                    (no ring)
Stlth  ++++......               (no ring)
                                (no ring)
                                (no ring)
                                (no ring)
                                (no ring)

@: no status effects
A: almost no armour, stealthy swim, amphibious, 8 rings, constrict 8, repulsion
field 1, camouflage 1, blurry vision 1, clumsy 1, gelatinous body 1
a: Renounce Religion, Evoke Berserk Rage


You were on level 6 of the Dungeon.
You worshipped Vehumet.
Vehumet was noncommittal.
You were hungry.

You visited 2 branches of the dungeon, and saw 7 of its levels.

You collected 347 gold pieces.
You spent 169 gold pieces at shops.

Inventory:

Hand Weapons
 d - a +0 dagger (weapon)
 g - a +0 hunting sling
 C - a +0 blowgun
 D - a +1 mace of holy wrath
Missiles
 c - 34 poisoned needles
 i - 168 stones (quivered)
 K - 5 javelins of returning
Armour
 h - a +1 hat (worn)
Jewellery
 l - a ring of magical power (left tentacle)
 w - an amulet of rage (around mantle)
Wands
 x - a wand of flame (14/48)
 z - a wand of random effects (25/48)
Scrolls
 f - 2 scrolls of noise {unknown}
 n - a scroll of random uselessness {unknown}
 s - a scroll of immolation {unknown}
 t - 5 scrolls of remove curse
 v - a scroll of recharging {unknown}
 y - a scroll of enchant weapon {unknown}
 F - 2 scrolls of identify
 H - a scroll of blinking {unknown}
 J - 3 scrolls of teleportation
Potions
 j - 2 potions of lignification
 k - a potion of mutation
 m - a potion of curing
 o - a potion of agility {unknown}
 p - a potion of ambrosia {unknown}
 r - a potion of cure mutation {unknown}
 u - a potion of heal wounds {unknown}
 B - a potion of resistance {unknown}
Books
 a - a book of Conjurations

   Spells                             Type                      Level
   a - Magic Dart                     Conjuration                  1
   b - Searing Ray                    Conjuration                  2
   c - Dazzling Spray                 Conjuration/Hexes            3
   d - Fulminant Prism                Conjuration/Hexes            4
   e - Iskenderun's Mystic Blast      Conjuration                  4
   f - Iskenderun's Battlesphere      Conjuration/Charms           5
 E - a book of Cantrips

   Spells                             Type                      Level
   a - Confusing Touch                Hexes                        1
   b - Animate Skeleton               Necromancy                   1
   c - Summon Small Mammal            Summoning                    1
   d - Apportation                    Translocation                1
Comestibles
 b - 5 bread rations
 A - 4 fruits
 G - 3 meat rations
 I - a slice of pizza


   Skills:
 + Level 0.8 Fighting
 - Level 0.2 Short Blades
 + Level 3.2 Dodging
 + Level 6.1 Stealth
 + Level 3.7 Spellcasting
 + Level 6.9 Conjurations
 * Level 1.8 Charms


You had one spell level left.
You knew the following spells:

 Your Spells              Type           Power        Failure   Level  Hunger
a - Magic Dart            Conj           ####         1%          1    None
b - Searing Ray           Conj           ####..       1%          2    ##.....
c - Iskenderun's Mystic   Conj           ####....     12%         4    ####...
d - Iskenderun's Battles  Conj/Chrm      ###.....     75%         5    ######.


Dungeon Overview and Level Annotations

Branches:
Dungeon (6/15)             Temple (1/1) D:4

Altars:
Ashenzari
Dithmenos
Fedhas
Gozag
Hepliaklqana
Makhleb
Okawaru
Qazlal
Ru
Trog
Vehumet
Xom
Yredelemnul
Zin
The Shining One

Shops:
D:5 *


Innate Abilities, Weirdness & Mutations

You cannot wear most types of armour.
You are very stealthy in the water. (Stealth+)
You are amphibious.
You can wear up to eight rings at the same time.
You can use your tentacles to constrict eight enemies at once.
Your skin changes colour to match your surroundings (Stealth+).
Your rubbery body absorbs attacks. (AC +1, EV +1)
You are surrounded by a mild repulsion field. (EV +2)
Scrolls take you a little longer to read.
You are clumsy. (Dex -2)


Message History

Vehumet accepts your kill.
You start resting.
All of the chunks of flesh in your inventory have rotted away.
You are feeling hungry.
You start resting.
You feel a little less clever now.
You start resting.
Magic restored.
You start resting.
Something unseen opens the door.
The centaur shouts!
You hear an angry hiss.
The centaur shoots an arrow.
The arrow hits you.
You hear a splash.
You see here an arrow.
The centaur shoots an arrow.
The arrow hits you.
* * * LOW HITPOINT WARNING * * *
x2
There is an open door here.
You see here an arrow.
The centaur shoots an arrow.
The arrow hits you!
You die...

#≈≈≈.≈≈≈###..########
#≈.....≈#...........#
###≈.≈#≈.≈###.........#
.'c.≈≈≈..+.....†###..#
#≈.≈#≈.≈#.......##..#
#≈.....≈##.....###..#
#≈≈(.≈≈≈###....###'##
####(######..###.)... ≈≈≈
#@#.#.##.####.8.8. #≈≈≈ ###
#..#...†....#.._.. ≈ #≈. ..#
##.#...#..####.8.8.
>≈#...#.#
#..##.#...####[....
≈≈...#.###Z..........#######
≈ +..........##.#...#.# #.#
≈≈#≈..#.##...##.##.##.# #.#
≈≈≈..........##.##)##.# #.#
≈.....#.##.........##.###
#.#


You could see a centaur and a rat zombie (wandering).

Vanquished Creatures
  A hornet zombie (D:6)
  2 bullfrogs
  3 scorpions
  2 howler monkeys
  2 crimson imps
  A jelly (D:5)
  2 iguanas
  6 gnolls
  3 adders
  An ooze (D:4)
  An adder skeleton (D:5)
  An adder zombie (D:6)
  A worm (D:4)
  4 dart slugs
  6 leopard geckos
  12 orcs
  6 giant cockroaches
  3 goblins
  15 hobgoblins
  A quokka (D:4)
  4 ball pythons
  10 bats
  5 frilled lizards
  A jackal skeleton (D:4)
  9 kobolds
  A leopard gecko skeleton (D:6)
  A quokka skeleton (D:6)
  6 rats
110 creatures vanquished.

Notes
Turn   | Place    | Note
-------+----------+-------------------------------------------
     0 | D:1      | Franakus the Octopode Conjurer began the quest for the Orb.
     0 | D:1      | Reached XP level 1. HP: 11/11 MP: 3/3
    77 | D:1      | Reached XP level 2. HP: 11/17 MP: 0/5
    84 | D:1      | Learned a level 2 spell: Searing Ray
   770 | D:1      | Reached XP level 3. HP: 21/21 MP: 6/6
  1486 | D:2      | HP: 1/21 [gnoll/flail (8)]
  1487 | D:2      | Reached XP level 4. HP: 1/27 MP: 6/7
  2139 | D:3      | Found an iron altar of Okawaru.
  2228 | D:3      | Learned a level 4 spell: Iskenderun's Mystic Blast
  2273 | D:3      | Reached XP level 5. HP: 28/31 MP: 6/8
  2423 | D:3      | Reached skill level 5 in Conjurations
  2781 | D:4      | Reached skill level 5 in Stealth
  2781 | D:4      | Reached XP level 6. HP: 31/37 MP: 10/10
  2821 | D:4      | Found a basalt altar of Yredelemnul.
  2821 | D:4      | Found a bloodstained altar of Trog.
  2827 | D:4      | Found a glowing silver altar of Zin.
  2829 | D:4      | Found a faded altar of an unknown god.
  2831 | D:4      | Found a hazy altar of Hepliaklqana.
  3278 | D:4      | Found a staircase to the Ecumenical Temple.
  3283 | Temple   | Entered the Ecumenical Temple
  3366 | Temple   | Became a worshipper of Vehumet
  3491 | D:5      | Entered Level 5 of the Dungeon
  3789 | D:5      | Found a stormy altar of Qazlal.
  3825 | D:5      | Found Roannys's General Store.
  3855 | D:5      | Bought a scroll of remove curse for 39 gold pieces
  3855 | D:5      | Bought 3 scrolls of teleportation for 117 gold pieces
  3855 | D:5      | Bought a potion of degeneration for 13 gold pieces
  3862 | D:5      | Gained mutation: Scrolls take you a little longer to read. [potion of mutation]
  3862 | D:5      | Gained mutation: You are surrounded by a mild repulsion field. (EV +2) [potion of mutation]
  3862 | D:5      | Gained mutation: You are clumsy. (Dex -2) [potion of mutation]
  3956 | D:5      | Reached XP level 7. HP: 42/42 MP: 12/12
  3974 | D:5      | Learned a level 5 spell: Iskenderun's Battlesphere
  4050 | D:6      | HP: 1/42 [centaur (5)]
  4460 | D:6      | Found a shattered altar of Ashenzari.
  4590 | D:6      | Reached skill level 1 in Charms
  4746 | D:6      | Shot with an arrow by a centaur

Skill      XL: |  1  2  3  4  5  6  7 |
---------------+----------------------+-----
Stealth        | 3 4 5 6 |  6.1
Conjurations   | 5 6 |  6.9
Spellcasting   | 3 |  3.7
Dodging        | 3 |  3.2
Charms         | 1 |  1.8
Fighting       | |  0.8
Short Blades   | |  0.2

Action                   |  1- 3 |  4- 6 |  7- 9 || total
-------------------------+-------+-------+-------++-------
Melee: Unarmed           |     6 |       |       ||     6
       Constrict         |    12 |    10 |     2 ||    24
       Tentacles         |     6 |     5 |     1 ||    12
       Dagger            |    35 |    51 |     8 ||    94
 Cast: Magic Dart        |    34 |    74 |    17 ||   125
       Searing Ray       |     5 |    26 |    12 ||    43
       Iskenderun's Myst |       |       |     2 ||     2
Evoke: Wand              |       |       |     2 ||     2
  Use: Scroll            |       |     2 |       ||     2
       Potion            |       |     4 |     2 ||     6
 Stab: Sleeping          |     4 |     1 |       ||     5
  Eat: Chunk             |     2 |     9 |     3 ||    14
Armor: Skin              |     5 |    11 |     3 ||    19
Dodge: Dodged            |    30 |    48 |    26 ||   104
